Canadiens vs Jets
(R1)
Created - June 2, 2024 at 09:30
Goals
|
| Canadiens |
2 |
0 |
1 |
3 |
| Jets |
2 |
2 |
2 |
6 |
|
Shots
|
| Canadiens |
15 |
13 |
13 |
41 |
| Jets |
13 |
7 |
15 |
35 |
|
1st period
1. Canadiens , Jordan Szwarz 8 (Artemi Panarin 15, Cody Eakin 3) at 9:42
2. Jets , Troy Stetcher 2 (Max Domi 7, Nino Niederreiter 5) at 15:27 (PP)
3. Jets , Nino Niederreiter 3 (Frank Vatrano 3) at 16:50 (SH)
4. Canadiens , David Pastrnak 8 (Justin Schultz 3, Chris Kreider 6) at 19:10
Penalties :
Rasmus Ristolainen (Mon) for Roughing (Minor) at 14:55, Erik Cernak (Win) for Roughing (Minor) at 15:50
2nd period
5. Jets , Max Domi 3 (Dougie Hamilton 6, Jacob Markstrom) at 2:24 (PP)
6. Jets , Noel Acciari 2 (Frank Vatrano 4, Erik Cernak 3) at 5:09
Penalties :
Mika Zibanejad (Mon) for Interference (Minor) at 1:47, Mirco Mueller (Win) for Hooking (Minor) at 7:58, Tyler Toffoli (Win) for High sticking (Minor) at 15:36
3rd period
7. Jets , Tyler Toffoli 2 (Alex Galchenyuk 7, Ryan Johansen 4) at 0:10
8. Canadiens , Mika Zibanejad 8 (Marcus Kruger 4, Rasmus Ristolainen 19) at 8:21
9. Jets , Anthony Mantha 4 (Henrik Zetterberg 2) at 14:26
Penalties :
Noel Acciari (Win) for Elbowing (Minor) at 1:47
Goalie Stats
Andrei Vasilevskiy (Mon), 16 saves from 18 shots - (0.889), 34:51 minutes
Robin Lehner (Mon), 13 saves from 17 shots - (0.765), L, 7-4-0, 25:09 minutes
Jacob Markstrom (Win), 38 saves from 41 shots - (0.927), W, 9-2-1, 60:00 minutes
Players Stats for Canadiens
Player Name G A P +/- PIM S H SB GA TA FO MP PP MP PK MP
------------------------------------------------------------------------------------
Alexandre Grenier 0 0 0 -1 0 0 0 0 0 0 1/2 7:32 0:00 0:00
Artemi Panarin 0 1 1 0 0 2 2 0 0 0 1/2 17:53 4:07 0:00
Brandon Bollig 0 0 0 -1 0 1 0 0 0 0 0/0 7:45 0:06 0:07
Brent Burns 0 0 0 -1 0 3 1 0 0 1 0/0 18:48 2:17 0:00
Brian Dumoulin 0 0 0 -1 0 5 3 1 1 1 0/0 18:48 2:17 0:00
Cam Fowler 0 0 0 0 0 0 4 0 0 1 0/0 27:46 5:39 0:00
Chris Kreider 0 1 1 0 0 5 4 0 2 0 1/1 20:37 3:43 0:00
Cody Eakin 0 1 1 0 0 1 1 0 0 0 2/5 12:54 0:04 0:07
Corban Knight 0 0 0 -1 0 1 1 0 0 0 0/1 7:32 0:00 0:00
David Pastrnak 1 0 1 -1 0 4 0 0 3 1 1/1 20:51 4:13 0:00
Jiri Sekac 0 0 0 0 0 1 0 1 0 0 0/0 12:43 0:00 0:00
Jordan Szwarz 1 0 1 1 0 3 2 1 0 0 0/1 17:45 3:43 0:00
Justin Schultz 0 1 1 0 0 1 2 1 0 0 0/0 13:26 0:00 1:09
Marcus Kruger 0 1 1 0 0 1 3 0 0 0 0/0 13:45 0:00 1:02
Mika Zibanejad 1 0 1 -1 2 4 0 0 0 1 16/32 20:46 4:09 0:00
Rasmus Ristolainen 0 1 1 0 2 7 1 0 0 1 0/0 27:45 5:39 0:00
Sean Zimmerman 0 0 0 0 0 1 0 2 0 0 0/0 13:26 0:00 1:09
Vincent Trocheck 0 0 0 1 0 1 1 2 0 0 8/22 18:47 3:43 1:02
Players Stats for Jets
Player Name G A P +/- PIM S H SB GA TA FO MP PP MP PK MP
------------------------------------------------------------------------------------
Adam Larsson 0 0 0 2 0 2 2 3 1 1 0/0 27:52 0:00 6:03
Alex Galchenyuk 0 1 1 0 0 6 0 1 2 2 1/1 20:25 0:38 1:28
Anthony Mantha 1 0 1 1 0 4 0 0 0 0 0/0 11:13 0:00 0:00
Dougie Hamilton 0 1 1 3 0 1 0 0 0 2 0/0 27:52 1:09 4:48
Erik Cernak 0 1 1 1 2 0 2 0 1 1 0/0 21:53 0:00 2:35
Frank Vatrano 0 2 2 0 0 4 1 0 0 0 0/0 8:11 0:00 1:26
Henrik Zetterberg 0 1 1 1 0 2 0 1 0 0 2/5 16:14 0:00 5:02
Kyle Connor 0 0 0 -1 0 0 1 0 0 0 0/0 6:45 0:00 0:00
Max Domi 1 1 2 0 0 2 1 0 0 0 4/9 16:51 0:31 1:21
Mirco Mueller 0 0 0 -3 2 1 1 3 0 0 0/0 17:35 0:00 0:33
Nino Niederreiter 1 1 2 1 0 2 3 0 0 0 3/4 17:37 0:31 2:36
Noel Acciari 1 0 1 -1 2 1 1 1 0 0 5/8 11:00 0:00 3:52
Ryan Johansen 0 1 1 0 0 3 0 0 0 0 21/35 18:44 0:38 0:07
Ryan Murray 0 0 0 2 0 0 0 1 1 0 0/0 11:33 0:00 1:53
Sam Reinhart 0 0 0 1 0 2 0 0 0 0 0/0 10:54 0:00 0:00
Troy Stetcher 1 0 1 -3 0 2 0 4 0 0 0/0 13:23 1:09 0:00
Tyler Seguin 0 0 0 0 0 2 1 1 1 0 1/3 15:08 0:38 0:00
Tyler Toffoli 1 0 1 0 2 1 1 2 0 0 0/2 18:50 0:31 0:00
3 Stars
1 - Nino Niederreiter (Win)
2 - Max Domi (Win)
3 - Anthony Mantha (Win)
Power Play
Canadiens - 0 on 4 Attempt(s) - 0.00%
Jets - 2 on 2 Attempt(s) - 100.00%
Penalty Kill
Canadiens - 0 on 2 Attempt(s) - 0.00%
- Score 0 goal in Penalty Kill
Jets - 4 on 4 Attempt(s) - 100.00%
- Score 1 goal in Penalty Kill
Team Stat
Canadiens - Hits : 25 - Faceoff Wins : 30 - Blocked Shots : 8 - Penalty Minutes : 4
Jets - Hits : 14 - Faceoff Wins : 37 - Blocked Shots : 17 - Penalty Minutes : 8
Official
Referees : Justin St. Pierre and Ian Walsh
Linesman : Trent Knorr and Derek Amell
Game Notes
Andrei Vasilevskiy enters game at 5:09 of 2nd period
Ryan Murray is injured at 15:25 of 2nd period (Right Leg)
11:08 of 3rd period - Canadiens goal is going for a video replay. After video review, No Goal. The referee deems the play has been stopped, even if he had not physically had the opportunity to stop play by blowing his whistle.
Finance
Level 1 -- Attendance: 12800 (40.00%) -- Ticket Income $1,280,000
Level 2 -- Attendance: 5000 (100.00%) -- Ticket Income $300,000
Level 3 -- Attendance: 2000 (100.00%) -- Ticket Income $70,000
Level 4 -- Attendance: 4000 (100.00%) -- Ticket Income $100,000
Luxury Box -- Attendance: 1000 (100.00%) -- Ticket Income $200,000
Game was played at the Bell MTS Place.
Total Attendance: 24800 (56.36%)
Total Ticket Income: $1,950,000
Other Income: $292,500
Total Income: $2,242,500
Canadiens
5 vs 5 Forward
Center Left Wing Right Wing Time % Phy DF OF
1 Mika Zibanejad Chris Kreider David Pastrnak 40 0 2 3
2 Vincent Trocheck Artemi Panarin Jordan Szwarz 35 0 2 3
3 Cody Eakin Jiri Sekac Marcus Kruger 20 0 2 3
4 Corban Knight Brandon Bollig Alexandre Grenier 5 0 2 3
5 vs 5 Defense
Defense Defense Time % Phy DF OF
1 Rasmus Ristolainen Cam Fowler 40 0 2 3
2 Brent Burns Brian Dumoulin 30 0 2 3
3 Sean Zimmerman Justin Schultz 20 0 2 3
4 Rasmus Ristolainen Cam Fowler 10 0 2 3
PowerPlay Forward
Center Left Wing Right Wing Time % Phy DF OF
1 Mika Zibanejad Artemi Panarin David Pastrnak 60 0 1 4
2 Vincent Trocheck Chris Kreider Jordan Szwarz 40 0 1 4
PowerPlay Defense
Defense Defense Time % Phy DF OF
1 Rasmus Ristolainen Cam Fowler 60 0 1 4
2 Brian Dumoulin Brent Burns 40 0 1 4
Penalty Kill 4 Players Forward
Center Wing Time % Phy DF OF
1 Vincent Trocheck Marcus Kruger 60 1 2 2
2 Mika Zibanejad Brandon Bollig 40 1 2 2
Penalty Kill 4 Players Defense
Defense Defense Time % Phy DF OF
1 Sean Zimmerman Justin Schultz 60 1 2 2
2 Cam Fowler Brent Burns 40 1 2 2
Penalty Kill - 3 Players Forward
Forward Time % Phy DF OF
1 Cody Eakin 60 0 3 2
2 Corban Knight 40 0 3 2
Penalty Kill - 3 Players Defense
Defense Defense Time % Phy DF OF
1 Justin Schultz Cam Fowler 60 0 3 2
2 Brian Dumoulin Sean Zimmerman 40 0 3 2
4 vs 4 Forward
Center Wing Time % Phy DF OF
1 Cody Eakin Artemi Panarin 60 0 2 3
2 Mika Zibanejad David Pastrnak 40 0 2 3
4 vs 4 Defense
Defense Defense Time % Phy DF OF
1 Rasmus Ristolainen Cam Fowler 60 0 2 3
2 Brian Dumoulin Brent Burns 40 0 2 3
Last Minutes Offensive
Center Left Wing Right Wing Defense Defense
Mika Zibanejad Artemi Panarin David Pastrnak Rasmus Ristolainen Cam Fowler
Last Minutes Defensive
Center Left Wing Right Wing Defense Defense
Mika Zibanejad Artemi Panarin David Pastrnak Rasmus Ristolainen Cam Fowler
Goaltenders
Starting : Robin Lehner
Backup : Andrei Vasilevskiy
Extra Forwards
Normal : David Pastrnak, Mika Zibanejad, Chris Kreider - PP : David Pastrnak, Artemi Panarin - PK : Marcus Kruger
Extra Defensemen
Normal : Rasmus Ristolainen, Cam Fowler, Justin Schultz - PP : Rasmus Ristolainen - PK : Justin Schultz, Cam Fowler
Penalty Shots
Vincent Trocheck, Artemi Panarin, Mika Zibanejad, David Pastrnak, Marcus Kruger
Custom OT Lines Forwards
Artemi Panarin, Mika Zibanejad, David Pastrnak, Chris Kreider, Vincent Trocheck, Marcus Kruger, Cody Eakin, Jiri Sekac, Jordan Szwarz, Corban Knight
Custom OT Lines Defensemen
Rasmus Ristolainen, Cam Fowler, Brian Dumoulin, Brent Burns, Sean Zimmerman
Scratches
None
Jets
5 vs 5 Forward
Center Left Wing Right Wing Time % Phy DF OF
1 Ryan Johansen Alex Galchenyuk Tyler Toffoli 40 0 2 3
2 Max Domi Nino Niederreiter Tyler Seguin 30 0 2 3
3 Henrik Zetterberg Anthony Mantha Sam Reinhart 20 0 2 3
4 Noel Acciari Kyle Connor Frank Vatrano 10 0 2 3
5 vs 5 Defense
Defense Defense Time % Phy DF OF
1 Adam Larsson Dougie Hamilton 40 0 3 2
2 Ryan Murray Erik Cernak 30 0 3 2
3 Mirco Mueller Troy Stetcher 20 0 3 2
4 Erik Cernak Adam Larsson 10 0 3 2
PowerPlay Forward
Center Left Wing Right Wing Time % Phy DF OF
1 Ryan Johansen Alex Galchenyuk Tyler Seguin 60 0 1 4
2 Max Domi Nino Niederreiter Tyler Toffoli 40 0 1 4
PowerPlay Defense
Defense Defense Time % Phy DF OF
1 Troy Stetcher Dougie Hamilton 60 0 1 4
2 Ryan Murray Anthony Mantha 40 0 1 4
Penalty Kill 4 Players Forward
Center Wing Time % Phy DF OF
1 Noel Acciari Henrik Zetterberg 60 1 2 2
2 Nino Niederreiter Frank Vatrano 40 1 2 2
Penalty Kill 4 Players Defense
Defense Defense Time % Phy DF OF
1 Adam Larsson Dougie Hamilton 60 1 2 2
2 Ryan Murray Erik Cernak 40 1 2 2
Penalty Kill - 3 Players Forward
Forward Time % Phy DF OF
1 Noel Acciari 60 0 4 1
2 Anthony Mantha 40 0 4 1
Penalty Kill - 3 Players Defense
Defense Defense Time % Phy DF OF
1 Adam Larsson Ryan Murray 60 0 4 1
2 Mirco Mueller Erik Cernak 40 0 4 1
4 vs 4 Forward
Center Wing Time % Phy DF OF
1 Henrik Zetterberg Alex Galchenyuk 60 1 2 2
2 Max Domi Tyler Seguin 40 1 2 2
4 vs 4 Defense
Defense Defense Time % Phy DF OF
1 Adam Larsson Dougie Hamilton 60 1 2 2
2 Ryan Murray Troy Stetcher 40 1 2 2
Last Minutes Offensive
Center Left Wing Right Wing Defense Defense
Max Domi Alex Galchenyuk Tyler Seguin Adam Larsson Dougie Hamilton
Last Minutes Defensive
Center Left Wing Right Wing Defense Defense
Henrik Zetterberg Anthony Mantha Tyler Seguin Adam Larsson Dougie Hamilton
Goaltenders
Starting : Jacob Markstrom
Backup : Elvis Merzlikins
Extra Forwards
Normal : Tyler Toffoli, Anthony Mantha, Nino Niederreiter - PP : Tyler Toffoli, Anthony Mantha - PK : Nino Niederreiter
Extra Defensemen
Normal : Mirco Mueller, Ryan Murray, Erik Cernak - PP : Mirco Mueller - PK : Ryan Murray, Erik Cernak
Penalty Shots
Alex Galchenyuk, Tyler Seguin, Nino Niederreiter, Tyler Toffoli, Anthony Mantha
Custom OT Lines Forwards
Alex Galchenyuk, Tyler Seguin, Ryan Johansen, Nino Niederreiter, Tyler Toffoli, Anthony Mantha, Max Domi, Sam Reinhart, Noel Acciari, Frank Vatrano
Custom OT Lines Defensemen
Adam Larsson, Dougie Hamilton, Ryan Murray, Troy Stetcher, Mirco Mueller
Scratches
None
% Time on Ice - Canadiens
Lines # - Real PCT - Wanted PCT - Time Play
Normal Forward
1 - 33% - 40% - 16:38
2 - 28% - 35% - 14:02
3 - 25% - 20% - 12:43
4 - 15% - 5% - 7:32
Normal Defense
1 - 39% - 40% - 20:06
2 - 32% - 30% - 16:31
3 - 24% - 20% - 12:17
4 - 4% - 10% - 2:01
PP Forward
1 - 53% - 60% - 4:13
2 - 47% - 40% - 3:43
PP Defense
1 - 71% - 60% - 5:39
2 - 29% - 40% - 2:17
PK Forward
1 - 90% - 60% - 1:02
2 - 10% - 40% - 0:07
PK Defense
1 - 100% - 60% - 1:09
2 - 0% - 40% - 0:00
PK3 Forward
1 - 0% - 60%
2 - 0% - 40%
PK3 Defense
1 - 0% - 60%
2 - 0% - 40%
44 Forward
1 - 0% - 60%
2 - 0% - 40%
44 Defense
1 - 0% - 60%
2 - 0% - 40%
Last Minute Offensive - 0:00
Last Minute Defensive - 0:00
Total
Forward - 60:00
Defense - 60:00
|
% Time on Ice - Jets
Lines # - Real PCT - Wanted PCT - Time Play
Normal Forward
1 - 37% - 40% - 18:46
2 - 28% - 30% - 14:30
3 - 21% - 20% - 10:54
4 - 13% - 10% - 6:45
Normal Defense
1 - 37% - 40% - 19:01
2 - 34% - 30% - 17:26
3 - 24% - 20% - 12:14
4 - 4% - 10% - 2:14
PP Forward
1 - 55% - 60% - 0:38
2 - 45% - 40% - 0:31
PP Defense
1 - 100% - 60% - 1:09
2 - 0% - 40% - 0:00
PK Forward
1 - 82% - 60% - 6:30
2 - 18% - 40% - 1:26
PK Defense
1 - 48% - 60% - 3:50
2 - 52% - 40% - 4:06
PK3 Forward
1 - 0% - 60%
2 - 0% - 40%
PK3 Defense
1 - 0% - 60%
2 - 0% - 40%
44 Forward
1 - 0% - 60%
2 - 0% - 40%
44 Defense
1 - 0% - 60%
2 - 0% - 40%
Last Minute Offensive - 0:00
Last Minute Defensive - 0:00
Total
Forward - 60:00
Defense - 60:00
|
Play-by-Play
1st period
0:01 of 1st period - Ryan Johansen wins face-off versus Mika Zibanejad in neutral zone.
1:48 of 1st period - Wrist shot by Corban Knight.
1:48 of 1st period - Shot Blocked by Troy Stetcher.
2:02 of 1st period - Mirco Mueller is hit by Jordan Szwarz and loses puck.
2:11 of 1st period - Slapshot by Nino Niederreiter.
2:11 of 1st period - Shot Misses the Net.
2:20 of 1st period - Off-side.
2:21 of 1st period - Cody Eakin wins face-off versus Henrik Zetterberg in neutral zone.
2:24 of 1st period - Adam Larsson is hit by Marcus Kruger and loses puck.
2:35 of 1st period - Backhand shot by Adam Larsson.
2:35 of 1st period - Shot Misses the Net.
2:37 of 1st period - Slapshot by Adam Larsson.
2:37 of 1st period - Shot Blocked by Justin Schultz.
2:47 of 1st period - Dougie Hamilton is hit by Chris Kreider and loses puck.
3:16 of 1st period - Troy Stetcher is hit by Vincent Trocheck and loses puck.
3:34 of 1st period - Frank Vatrano is hit by Justin Schultz and loses puck.
3:39 of 1st period - Slapshot by Brian Dumoulin.
3:39 of 1st period - Stopped by Jacob Markstrom without a rebound.
3:40 of 1st period - Ryan Johansen wins face-off versus Mika Zibanejad in Jets zone.
3:40 of 1st period - Ryan Johansen is hit by Brian Dumoulin.
3:56 of 1st period - Wrist shot by Chris Kreider.
3:56 of 1st period - Shot Misses the Net.
4:57 of 1st period - Snap shot by Frank Vatrano.
4:57 of 1st period - Stopped by Robin Lehner without a rebound.
4:58 of 1st period - Mika Zibanejad wins face-off versus Ryan Johansen in Canadiens zone.
6:10 of 1st period - Snap shot by Ryan Johansen.
6:10 of 1st period - Stopped by Robin Lehner without a rebound.
6:11 of 1st period - Vincent Trocheck wins face-off versus Tyler Seguin in Canadiens zone.
6:42 of 1st period - Snap shot by Marcus Kruger.
6:42 of 1st period - Deflect By Jiri Sekac.
6:42 of 1st period - Shot Blocked by Adam Larsson.
6:42 of 1st period - Puck is out of play.
6:43 of 1st period - Henrik Zetterberg wins face-off versus Cody Eakin in Jets zone.
7:06 of 1st period - Slapshot by Brian Dumoulin.
7:06 of 1st period - Shot Blocked by Henrik Zetterberg.
7:08 of 1st period - Snap shot by Rasmus Ristolainen.
7:08 of 1st period - Stopped by Jacob Markstrom without a rebound.
7:09 of 1st period - Tyler Seguin wins face-off versus Vincent Trocheck in Jets zone.
8:09 of 1st period - Brent Burns is hit by Kyle Connor and loses puck.
8:18 of 1st period - Dougie Hamilton is hit by Corban Knight and loses puck.
8:23 of 1st period - Slapshot by Brian Dumoulin.
8:23 of 1st period - Shot Blocked by Adam Larsson.
8:25 of 1st period - Wrist shot by Alexandre Grenier.
8:25 of 1st period - Shot Blocked by Noel Acciari.
8:27 of 1st period - Slapshot by Brent Burns.
8:27 of 1st period - Stopped by Jacob Markstrom with a rebound.
8:29 of 1st period - Slapshot by Brian Dumoulin.
8:29 of 1st period - Stopped by Jacob Markstrom with a rebound.
8:31 of 1st period - Wrist shot by Brandon Bollig.
8:31 of 1st period - Stopped by Jacob Markstrom without a rebound.
8:32 of 1st period - Vincent Trocheck wins face-off versus Ryan Johansen in Jets zone.
8:33 of 1st period - Slapshot by Rasmus Ristolainen.
8:33 of 1st period - Stopped by Jacob Markstrom with a rebound.
9:42 of 1st period - Wrist shot by Jordan Szwarz.
9:42 of 1st period - Goal by Jordan Szwarz - Canadiens : 1 - Jets : 0.
9:43 of 1st period - Vincent Trocheck wins face-off versus Ryan Johansen in neutral zone.
9:46 of 1st period - Tyler Toffoli is hit by Cam Fowler.
10:10 of 1st period - Chris Kreider is hit by Nino Niederreiter.
10:11 of 1st period - Icing by Chris Kreider.
10:12 of 1st period - Mika Zibanejad wins face-off versus Max Domi in Canadiens zone.
10:45 of 1st period - Wrist shot by Nino Niederreiter.
10:45 of 1st period - Deflect By Tyler Seguin.
10:45 of 1st period - Shot Blocked by Sean Zimmerman.
10:45 of 1st period - Puck is out of play.
10:46 of 1st period - Alex Galchenyuk wins face-off versus Vincent Trocheck in Canadiens zone.
10:59 of 1st period - Wrist shot by Artemi Panarin.
10:59 of 1st period - Stopped by Jacob Markstrom without a rebound.
11:00 of 1st period - Ryan Johansen wins face-off versus Vincent Trocheck in Jets zone.
11:53 of 1st period - Wrist shot by Nino Niederreiter.
11:53 of 1st period - Stopped by Robin Lehner without a rebound.
11:54 of 1st period - Max Domi wins face-off versus Mika Zibanejad in Canadiens zone.
12:41 of 1st period - Snap shot by Cody Eakin.
12:41 of 1st period - Deflect By Troy Stetcher.
12:41 of 1st period - Stopped by Jacob Markstrom with a rebound.
13:07 of 1st period - Backhand shot by Nino Niederreiter.
13:07 of 1st period - Shot Misses the Net.
13:09 of 1st period - Wrist shot by Tyler Seguin.
13:09 of 1st period - Stopped by Robin Lehner without a rebound.
13:10 of 1st period - Ryan Johansen wins face-off versus Vincent Trocheck in Canadiens zone.
13:11 of 1st period - Slapshot by Alex Galchenyuk.
13:11 of 1st period - Stopped by Robin Lehner with a rebound.
13:21 of 1st period - Snap shot by Alex Galchenyuk.
13:21 of 1st period - Stopped by Robin Lehner without a rebound.
13:22 of 1st period - Ryan Johansen wins face-off versus Mika Zibanejad in Canadiens zone.
13:31 of 1st period - Slapshot by Rasmus Ristolainen.
13:31 of 1st period - Stopped by Jacob Markstrom without a rebound.
13:32 of 1st period - Mika Zibanejad wins face-off versus Ryan Johansen in Jets zone.
13:55 of 1st period - Snap shot by Chris Kreider.
13:55 of 1st period - Shot Blocked by Tyler Toffoli.
13:57 of 1st period - Slapshot by Chris Kreider.
13:57 of 1st period - Stopped by Jacob Markstrom without a rebound.
13:58 of 1st period - Vincent Trocheck wins face-off versus Henrik Zetterberg in Jets zone.
14:15 of 1st period - Slapshot by Sam Reinhart.
14:15 of 1st period - Stopped by Robin Lehner without a rebound.
14:16 of 1st period - Mika Zibanejad wins face-off versus Max Domi in Canadiens zone.
14:23 of 1st period - Snap shot by Chris Kreider.
14:23 of 1st period - Shot Misses the Net.
14:25 of 1st period - Wrist shot by David Pastrnak.
14:25 of 1st period - Deflect By Mika Zibanejad.
14:25 of 1st period - Stopped by Jacob Markstrom without a rebound.
14:26 of 1st period - Mika Zibanejad wins face-off versus Max Domi in Jets zone.
14:39 of 1st period - Snap shot by David Pastrnak.
14:39 of 1st period - Shot Misses the Net.
14:41 of 1st period - Snap shot by Rasmus Ristolainen.
14:41 of 1st period - Stopped by Jacob Markstrom without a rebound.
14:42 of 1st period - Ryan Johansen wins face-off versus Artemi Panarin in Jets zone.
14:53 of 1st period - Snap shot by Alex Galchenyuk.
14:53 of 1st period - Shot Blocked by Jordan Szwarz.
14:55 of 1st period - Minor Penalty to Rasmus Ristolainen for Roughing.
14:56 of 1st period - Ryan Johansen wins face-off versus Vincent Trocheck in Canadiens zone.
15:05 of 1st period - Wrist shot by Tyler Seguin.
15:05 of 1st period - Shot Misses the Net.
15:07 of 1st period - Snap shot by Ryan Johansen.
15:07 of 1st period - Deflect By Alex Galchenyuk.
15:07 of 1st period - Stopped by Robin Lehner with a rebound.
15:09 of 1st period - Snap shot by Tyler Seguin.
15:09 of 1st period - Shot Misses the Net.
15:11 of 1st period - Slapshot by Dougie Hamilton.
15:11 of 1st period - Shot Misses the Net.
15:13 of 1st period - Slapshot by Alex Galchenyuk.
15:13 of 1st period - Stopped by Robin Lehner without a rebound.
15:14 of 1st period - Max Domi wins face-off versus Vincent Trocheck in Canadiens zone.
15:15 of 1st period - Snap shot by Nino Niederreiter.
15:15 of 1st period - Deflect By Max Domi.
15:15 of 1st period - Shot Blocked by Vincent Trocheck.
15:15 of 1st period - Puck is out of play.
15:16 of 1st period - Max Domi wins face-off versus Vincent Trocheck in Canadiens zone.
15:25 of 1st period - Slapshot by Max Domi.
15:25 of 1st period - Stopped by Robin Lehner with a rebound.
15:27 of 1st period - Wrist shot by Troy Stetcher.
15:27 of 1st period - Goal by Troy Stetcher - Canadiens : 1 - Jets : 1.
15:28 of 1st period - Vincent Trocheck wins face-off versus Henrik Zetterberg in neutral zone.
15:50 of 1st period - Minor Penalty to Erik Cernak for Roughing.
15:51 of 1st period - Noel Acciari wins face-off versus Mika Zibanejad in Jets zone.
16:30 of 1st period - Noel Acciari is hit by Rasmus Ristolainen and loses puck.
16:43 of 1st period - Brent Burns is hit by Adam Larsson and loses puck.
16:50 of 1st period - Wrist shot by Nino Niederreiter.
16:50 of 1st period - Goal by Nino Niederreiter - Canadiens : 1 - Jets : 2.
16:51 of 1st period - Noel Acciari wins face-off versus Mika Zibanejad in neutral zone.
16:54 of 1st period - Slapshot by Adam Larsson.
16:54 of 1st period - Stopped by Robin Lehner without a rebound.
16:55 of 1st period - Noel Acciari wins face-off versus Mika Zibanejad in Canadiens zone.
17:48 of 1st period - Henrik Zetterberg is hit by Brian Dumoulin and loses puck.
17:50 of 1st period - Penalty to Erik Cernak is over, Erik Cernak is back on ice.
18:13 of 1st period - Wrist shot by Ryan Johansen.
18:13 of 1st period - Shot Blocked by Brian Dumoulin.
18:45 of 1st period - Anthony Mantha is hit by Brent Burns and loses puck.
19:04 of 1st period - Slapshot by Mika Zibanejad.
19:04 of 1st period - Shot Blocked by Mirco Mueller.
19:06 of 1st period - Wrist shot by David Pastrnak.
19:06 of 1st period - Shot Blocked by Mirco Mueller.
19:08 of 1st period - Snap shot by Chris Kreider.
19:08 of 1st period - Stopped by Jacob Markstrom with a rebound.
19:10 of 1st period - Slapshot by Justin Schultz.
19:10 of 1st period - Deflect By David Pastrnak.
19:10 of 1st period - Goal by David Pastrnak - Canadiens : 2 - Jets : 2.
19:11 of 1st period - Ryan Johansen wins face-off versus Mika Zibanejad in neutral zone.
19:38 of 1st period - Ryan Murray is hit by Marcus Kruger and loses puck.
Goals for this period are 2 for Canadiens vs 2 for Jets.
Shots for this period are 15 for Canadiens vs 13 for Jets.
2nd period
0:01 of 2nd period - Vincent Trocheck wins face-off versus Ryan Johansen in neutral zone.
0:14 of 2nd period - Wrist shot by Ryan Johansen.
0:14 of 2nd period - Shot Misses the Net.
1:42 of 2nd period - Slapshot by Troy Stetcher.
1:42 of 2nd period - Stopped by Robin Lehner without a rebound.
1:43 of 2nd period - Ryan Johansen wins face-off versus Mika Zibanejad in Canadiens zone.
1:47 of 2nd period - Minor Penalty to Mika Zibanejad for Interference.
1:48 of 2nd period - Ryan Johansen wins face-off versus Vincent Trocheck in Canadiens zone.
1:48 of 2nd period - Snap shot by Alex Galchenyuk.
1:48 of 2nd period - Shot Blocked by Sean Zimmerman.
2:24 of 2nd period - Wrist shot by Max Domi.
2:24 of 2nd period - Goal by Max Domi - Canadiens : 2 - Jets : 3.
2:25 of 2nd period - Ryan Johansen wins face-off versus Mika Zibanejad in neutral zone.
2:52 of 2nd period - Dougie Hamilton is hit by Cam Fowler and loses puck.
3:16 of 2nd period - Wrist shot by Alex Galchenyuk.
3:16 of 2nd period - Stopped by Robin Lehner without a rebound.
3:17 of 2nd period - Chris Kreider wins face-off versus Nino Niederreiter in Canadiens zone.
3:17 of 2nd period - Chris Kreider is hit by Max Domi.
3:23 of 2nd period - Snap shot by David Pastrnak.
3:23 of 2nd period - Stopped by Jacob Markstrom without a rebound.
3:24 of 2nd period - Mika Zibanejad wins face-off versus Max Domi in Jets zone.
3:31 of 2nd period - Slapshot by Chris Kreider.
3:31 of 2nd period - Stopped by Jacob Markstrom with a rebound.
3:33 of 2nd period - Wrist shot by Mika Zibanejad.
3:33 of 2nd period - Stopped by Jacob Markstrom with a rebound.
3:35 of 2nd period - Slapshot by Brent Burns.
3:35 of 2nd period - Shot Misses the Net.
3:39 of 2nd period - Wrist shot by Chris Kreider.
3:39 of 2nd period - Stopped by Jacob Markstrom with a rebound.
3:46 of 2nd period - Icing by Tyler Seguin.
3:47 of 2nd period - Vincent Trocheck wins face-off versus Max Domi in Jets zone.
3:50 of 2nd period - Snap shot by Artemi Panarin.
3:50 of 2nd period - Shot Blocked by Tyler Seguin.
3:52 of 2nd period - Snap shot by Jordan Szwarz.
3:52 of 2nd period - Stopped by Jacob Markstrom without a rebound.
3:53 of 2nd period - Vincent Trocheck wins face-off versus Ryan Johansen in Jets zone.
5:09 of 2nd period - Wrist shot by Noel Acciari.
5:09 of 2nd period - Goal by Noel Acciari - Canadiens : 2 - Jets : 4.
5:09 of 2nd period - Andrei Vasilevskiy enters game.
5:10 of 2nd period - Ryan Johansen wins face-off versus Vincent Trocheck in neutral zone.
6:58 of 2nd period - Cam Fowler is hit by Tyler Toffoli and loses puck.
7:13 of 2nd period - Wrist shot by Frank Vatrano.
7:13 of 2nd period - Stopped by Andrei Vasilevskiy without a rebound.
7:14 of 2nd period - Noel Acciari wins face-off versus Vincent Trocheck in Canadiens zone.
7:21 of 2nd period - Slapshot by Artemi Panarin.
7:21 of 2nd period - Shot Blocked by Mirco Mueller.
7:23 of 2nd period - Wrist shot by Vincent Trocheck.
7:23 of 2nd period - Stopped by Jacob Markstrom without a rebound.
7:24 of 2nd period - Ryan Johansen wins face-off versus Vincent Trocheck in Jets zone.
7:53 of 2nd period - Wrist shot by Jordan Szwarz.
7:53 of 2nd period - Shot Blocked by Alex Galchenyuk.
7:58 of 2nd period - Minor Penalty to Mirco Mueller for Hooking.
7:59 of 2nd period - Noel Acciari wins face-off versus Mika Zibanejad in Jets zone.
8:29 of 2nd period - Henrik Zetterberg is hit by Jordan Szwarz and loses puck.
9:58 of 2nd period - Penalty to Mirco Mueller is over, Mirco Mueller is back on ice.
10:34 of 2nd period - Alexandre Grenier is hit by Noel Acciari and loses puck.
10:49 of 2nd period - Wrist shot by Jiri Sekac.
10:49 of 2nd period - Stopped by Jacob Markstrom without a rebound.
10:50 of 2nd period - Henrik Zetterberg wins face-off versus Cody Eakin in Jets zone.
10:50 of 2nd period - Henrik Zetterberg is hit by Cody Eakin.
10:58 of 2nd period - Snap shot by Henrik Zetterberg.
10:58 of 2nd period - Shot Misses the Net.
13:13 of 2nd period - Wrist shot by Artemi Panarin.
13:13 of 2nd period - Shot Misses the Net.
13:15 of 2nd period - Snap shot by Justin Schultz.
13:15 of 2nd period - Deflect By Troy Stetcher.
13:15 of 2nd period - Stopped by Jacob Markstrom with a rebound.
13:17 of 2nd period - Slapshot by Sean Zimmerman.
13:17 of 2nd period - Stopped by Jacob Markstrom with a rebound.
13:27 of 2nd period - Brandon Bollig is hit by Frank Vatrano and loses puck.
13:48 of 2nd period - Sam Reinhart is hit by Chris Kreider and loses puck.
14:09 of 2nd period - Marcus Kruger is hit by Erik Cernak and loses puck.
14:30 of 2nd period - Snap shot by Jordan Szwarz.
14:30 of 2nd period - Shot Misses the Net.
14:32 of 2nd period - Slapshot by Brent Burns.
14:32 of 2nd period - Stopped by Jacob Markstrom with a rebound.
14:34 of 2nd period - Slapshot by Brian Dumoulin.
14:34 of 2nd period - Stopped by Jacob Markstrom with a rebound.
15:25 of 2nd period - Snap shot by Brandon Bollig.
15:25 of 2nd period - Shot Blocked by Ryan Murray.
15:25 of 2nd period - Ryan Murray from Jets is injured at 15:25 of 2nd period (Right Leg).
15:26 of 2nd period - Mika Zibanejad wins face-off versus Ryan Johansen in Jets zone.
15:36 of 2nd period - Minor Penalty to Tyler Toffoli for High sticking.
15:37 of 2nd period - Mika Zibanejad wins face-off versus Noel Acciari in Jets zone.
16:09 of 2nd period - Slapshot by Rasmus Ristolainen.
16:09 of 2nd period - Stopped by Jacob Markstrom without a rebound.
16:10 of 2nd period - Nino Niederreiter wins face-off versus Mika Zibanejad in Jets zone.
16:10 of 2nd period - Nino Niederreiter is hit by Artemi Panarin.
17:28 of 2nd period - Noel Acciari is hit by Chris Kreider and loses puck.
17:36 of 2nd period - Penalty to Tyler Toffoli is over, Tyler Toffoli is back on ice.
19:04 of 2nd period - Snap shot by Anthony Mantha.
19:04 of 2nd period - Stopped by Andrei Vasilevskiy with a rebound.
19:10 of 2nd period - Snap shot by Frank Vatrano.
19:10 of 2nd period - Stopped by Andrei Vasilevskiy with a rebound.
19:42 of 2nd period - Wrist shot by Artemi Panarin.
19:42 of 2nd period - Stopped by Jacob Markstrom with a rebound.
Goals for this period are 0 for Canadiens vs 2 for Jets.
Shots for this period are 13 for Canadiens vs 7 for Jets.
3rd period
0:01 of 3rd period - Mika Zibanejad wins face-off versus Ryan Johansen in neutral zone.
0:08 of 3rd period - Snap shot by Alex Galchenyuk.
0:08 of 3rd period - Shot Misses the Net.
0:10 of 3rd period - Snap shot by Tyler Toffoli.
0:10 of 3rd period - Goal by Tyler Toffoli - Canadiens : 2 - Jets : 5.
0:11 of 3rd period - Ryan Johansen wins face-off versus Mika Zibanejad in neutral zone.
1:26 of 3rd period - Icing by Erik Cernak.
1:27 of 3rd period - David Pastrnak wins face-off versus Noel Acciari in Jets zone.
1:47 of 3rd period - Minor Penalty to Noel Acciari for Elbowing.
1:48 of 3rd period - Nino Niederreiter wins face-off versus Mika Zibanejad in Jets zone.
1:48 of 3rd period - Nino Niederreiter is hit by Cam Fowler.
2:25 of 3rd period - Wrist shot by Jordan Szwarz.
2:25 of 3rd period - Stopped by Jacob Markstrom without a rebound.
2:26 of 3rd period - Nino Niederreiter wins face-off versus Vincent Trocheck in Jets zone.
2:31 of 3rd period - Brent Burns is hit by Erik Cernak and loses puck.
2:50 of 3rd period - Henrik Zetterberg is hit by Brian Dumoulin and loses puck.
3:47 of 3rd period - Penalty to Noel Acciari is over, Noel Acciari is back on ice.
4:02 of 3rd period - Slapshot by Alex Galchenyuk.
4:02 of 3rd period - Stopped by Andrei Vasilevskiy without a rebound.
4:03 of 3rd period - Cody Eakin wins face-off versus Noel Acciari in Canadiens zone.
4:42 of 3rd period - Snap shot by Alexandre Grenier.
4:42 of 3rd period - Deflect By Corban Knight.
4:42 of 3rd period - Shot Misses the Net.
4:42 of 3rd period - Puck is out of play.
4:43 of 3rd period - Ryan Johansen wins face-off versus Corban Knight in Jets zone.
4:56 of 3rd period - Wrist shot by Alex Galchenyuk.
4:56 of 3rd period - Shot Misses the Net.
5:35 of 3rd period - Snap shot by Sam Reinhart.
5:35 of 3rd period - Stopped by Andrei Vasilevskiy without a rebound.
5:36 of 3rd period - Ryan Johansen wins face-off versus Vincent Trocheck in Canadiens zone.
5:43 of 3rd period - Slapshot by Ryan Johansen.
5:43 of 3rd period - Stopped by Andrei Vasilevskiy with a rebound.
6:16 of 3rd period - Slapshot by Mika Zibanejad.
6:16 of 3rd period - Shot Misses the Net.
6:36 of 3rd period - Snap shot by Sam Reinhart.
6:36 of 3rd period - Shot Blocked by Jiri Sekac.
6:38 of 3rd period - Slapshot by Erik Cernak.
6:38 of 3rd period - Shot Misses the Net.
7:00 of 3rd period - Slapshot by Brian Dumoulin.
7:00 of 3rd period - Stopped by Jacob Markstrom without a rebound.
7:01 of 3rd period - Mika Zibanejad wins face-off versus Ryan Johansen in Jets zone.
7:02 of 3rd period - Wrist shot by David Pastrnak.
7:02 of 3rd period - Shot Blocked by Tyler Toffoli.
7:04 of 3rd period - Slapshot by Rasmus Ristolainen.
7:04 of 3rd period - Shot Blocked by Adam Larsson.
7:06 of 3rd period - Slapshot by Rasmus Ristolainen.
7:06 of 3rd period - Stopped by Jacob Markstrom without a rebound.
7:07 of 3rd period - Mika Zibanejad wins face-off versus Ryan Johansen in Jets zone.
7:24 of 3rd period - Snap shot by Mika Zibanejad.
7:24 of 3rd period - Shot Misses the Net.
7:58 of 3rd period - Troy Stetcher is hit by Marcus Kruger and loses puck.
8:19 of 3rd period - Wrist shot by Marcus Kruger.
8:19 of 3rd period - Shot Blocked by Troy Stetcher.
8:21 of 3rd period - Wrist shot by Mika Zibanejad.
8:21 of 3rd period - Goal by Mika Zibanejad - Canadiens : 3 - Jets : 5.
8:22 of 3rd period - Ryan Johansen wins face-off versus Mika Zibanejad in neutral zone.
8:49 of 3rd period - Jordan Szwarz is hit by Tyler Seguin and loses puck.
9:10 of 3rd period - Nino Niederreiter is hit by Justin Schultz and loses puck.
9:19 of 3rd period - Wrist shot by Corban Knight.
9:19 of 3rd period - Stopped by Jacob Markstrom with a rebound.
9:21 of 3rd period - Snap shot by Brandon Bollig.
9:21 of 3rd period - Shot Misses the Net.
10:40 of 3rd period - Snap shot by Henrik Zetterberg.
10:40 of 3rd period - Shot Misses the Net.
10:42 of 3rd period - Slapshot by Anthony Mantha.
10:42 of 3rd period - Stopped by Andrei Vasilevskiy without a rebound.
10:43 of 3rd period - Mika Zibanejad wins face-off versus Ryan Johansen in Canadiens zone.
10:52 of 3rd period - Wrist shot by David Pastrnak.
10:52 of 3rd period - Stopped by Jacob Markstrom with a rebound.
10:54 of 3rd period - Wrist shot by Rasmus Ristolainen.
10:54 of 3rd period - Stopped by Jacob Markstrom with a rebound.
10:56 of 3rd period - Snap shot by Rasmus Ristolainen.
10:56 of 3rd period - Deflect By David Pastrnak.
10:56 of 3rd period - Stopped by Jacob Markstrom without a rebound.
10:57 of 3rd period - Mika Zibanejad wins face-off versus Ryan Johansen in Jets zone.
11:06 of 3rd period - Wrist shot by Mika Zibanejad.
11:06 of 3rd period - Stopped by Jacob Markstrom with a rebound.
11:08 of 3rd period - Slapshot by Chris Kreider.
11:08 of 3rd period - Canadiens goal is going for a video replay.
11:08 of 3rd period - The goal is refused. The referee deems the play has been stopped, even if he had not physically had the opportunity to stop play by blowing his whistle..
11:09 of 3rd period - Mika Zibanejad wins face-off versus Tyler Toffoli in Jets zone.
11:35 of 3rd period - Rasmus Ristolainen is hit by Nino Niederreiter and loses puck.
11:40 of 3rd period - Slapshot by Nino Niederreiter.
11:40 of 3rd period - Shot Misses the Net.
11:42 of 3rd period - Slapshot by Mirco Mueller.
11:42 of 3rd period - Stopped by Andrei Vasilevskiy without a rebound.
11:43 of 3rd period - Artemi Panarin wins face-off versus Tyler Seguin in Canadiens zone.
11:52 of 3rd period - Slapshot by Brent Burns.
11:52 of 3rd period - Shot Blocked by Troy Stetcher.
11:54 of 3rd period - Slapshot by Brian Dumoulin.
11:54 of 3rd period - Stopped by Jacob Markstrom without a rebound.
11:55 of 3rd period - Mika Zibanejad wins face-off versus Tyler Toffoli in Jets zone.
13:11 of 3rd period - Slapshot by Adam Larsson.
13:11 of 3rd period - Stopped by Andrei Vasilevskiy without a rebound.
13:12 of 3rd period - Ryan Johansen wins face-off versus Alexandre Grenier in Canadiens zone.
13:15 of 3rd period - Snap shot by Ryan Johansen.
13:15 of 3rd period - Stopped by Andrei Vasilevskiy with a rebound.
13:17 of 3rd period - Slapshot by Dougie Hamilton.
13:17 of 3rd period - Stopped by Andrei Vasilevskiy without a rebound.
13:18 of 3rd period - Mika Zibanejad wins face-off versus Ryan Johansen in Canadiens zone.
13:29 of 3rd period - Slapshot by Mika Zibanejad.
13:29 of 3rd period - Shot Misses the Net.
13:31 of 3rd period - Wrist shot by Brent Burns.
13:31 of 3rd period - Stopped by Jacob Markstrom with a rebound.
13:47 of 3rd period - Slapshot by Marcus Kruger.
13:47 of 3rd period - Stopped by Jacob Markstrom without a rebound.
13:48 of 3rd period - Max Domi wins face-off versus Cody Eakin in Jets zone.
14:15 of 3rd period - David Pastrnak is hit by Mirco Mueller and loses puck.
14:20 of 3rd period - Wrist shot by Anthony Mantha.
14:20 of 3rd period - Stopped by Andrei Vasilevskiy with a rebound.
14:22 of 3rd period - Snap shot by Henrik Zetterberg.
14:22 of 3rd period - Stopped by Andrei Vasilevskiy with a rebound.
14:24 of 3rd period - Snap shot by Henrik Zetterberg.
14:24 of 3rd period - Stopped by Andrei Vasilevskiy with a rebound.
14:26 of 3rd period - Wrist shot by Anthony Mantha.
14:26 of 3rd period - Goal by Anthony Mantha - Canadiens : 3 - Jets : 6.
14:27 of 3rd period - Ryan Johansen wins face-off versus Vincent Trocheck in neutral zone.
15:05 of 3rd period - Wrist shot by Tyler Seguin.
15:05 of 3rd period - Stopped by Andrei Vasilevskiy with a rebound.
15:41 of 3rd period - Snap shot by Frank Vatrano.
15:41 of 3rd period - Stopped by Andrei Vasilevskiy with a rebound.
16:25 of 3rd period - Rasmus Ristolainen is hit by Nino Niederreiter.
17:01 of 3rd period - Erik Cernak is hit by Artemi Panarin and loses puck.
17:33 of 3rd period - Wrist shot by Alex Galchenyuk.
17:33 of 3rd period - Shot Misses the Net.
17:56 of 3rd period - Troy Stetcher is hit by Chris Kreider and loses puck.
18:19 of 3rd period - Wrist shot by Marcus Kruger.
18:19 of 3rd period - Shot Blocked by Troy Stetcher.
18:35 of 3rd period - Slapshot by Troy Stetcher.
18:35 of 3rd period - Shot Blocked by Vincent Trocheck.
18:38 of 3rd period - Icing by Sean Zimmerman.
18:39 of 3rd period - Ryan Johansen wins face-off versus Jordan Szwarz in Canadiens zone.
18:40 of 3rd period - Backhand shot by Alex Galchenyuk.
18:40 of 3rd period - Deflect By Ryan Johansen.
18:40 of 3rd period - Shot Misses the Net.
18:40 of 3rd period - Puck is out of play.
18:41 of 3rd period - Ryan Johansen wins face-off versus Mika Zibanejad in Canadiens zone.
18:53 of 3rd period - Rasmus Ristolainen is hit by Adam Larsson and loses puck.
19:08 of 3rd period - Henrik Zetterberg is hit by Cam Fowler.
19:44 of 3rd period - Off-side.
19:45 of 3rd period - Alexandre Grenier wins face-off versus Ryan Johansen in neutral zone.
Goals for this period are 1 for Canadiens vs 2 for Jets.
Shots for this period are 13 for Canadiens vs 15 for Jets.